 Dungeon Crawl Stone Soup version 0.23-a0-456-gc514d67198 (webtiles) character file.

114 Marlight the Skirmisher (level 4, -8/41 HPs)
             Began as a Minotaur Fighter on Nov 25, 2018.
             Mangled by a gnoll
             ... wielding a +0 halberd
              (15 damage)
             ... on level 3 of the Dungeon.
             The game lasted 00:09:32 (1960 turns).

Marlight the Skirmisher (Minotaur Fighter)          Turns: 1960, Time: 00:09:32

Health: -8/41      AC:  7    Str: 20 (21) XL:     4   Next: 66%
Magic:  3/3        EV:  7    Int:  3 (5)  God:
Gold:   119        SH:  9    Dex:  7 (10) Spells: 3/3 levels left

rFire    . . .     SeeInvis .   a - +0 long sword
rCold    . . .     Gourm    .   j - +0 shield
rNeg     . . .     Faith    .   b - +0 scale mail
rPois    .         Spirit   .   (helmet restricted)
rElec    .         Reflect  .   (no cloak)
rCorr    .         Harm     .   (no gloves)
MR       .....                  (no boots)
Stlth    ..........             (no amulet)
HPRegen  0.13/turn              (no ring)
MPRegen  0.08/turn              (no ring)

@: flying, slowed, very slow
A: retaliatory headbutt, horns 2
a: no special abilities


You were on level 3 of the Dungeon.
You were not hungry.

You visited 1 branch of the dungeon, and saw 3 of its levels.

You collected 119 gold pieces.

Inventory:

Hand Weapons
 a - a +0 long sword (weapon)
Armour
 b - a +0 scale mail (worn)
 c - a +0 shield
 j - a +0 shield (worn)
Jewellery
 l - an uncursed amulet of harm {unknown}
Wands
 h - a wand of digging (6)
Scrolls
 k - a scroll of enchant weapon {unknown}
 m - a scroll of identify
 n - 2 scrolls of enchant armour {unknown}
 o - a scroll of magic mapping {unknown}
Potions
 d - a potion of curing
 e - a potion of flight
 i - a potion of brilliance
Comestibles
 f - 3 rations


   Skills:
 + Level 4.7 Fighting
 + Level 3.4 Long Blades
 + Level 4.1 Armour
 + Level 1.0 Dodging
 + Level 0.2 Stealth
 + Level 4.5 Shields


You had 3 spell levels left.
You didn't know any spells.
Your spell library was empty.

Dungeon Overview and Level Annotations

Branches:
Dungeon (3/15)

Altars:

Annotations:
D:3 Natasha


Innate Abilities, Weirdness & Mutations

You reflexively headbutt those who attack you in melee.
You have a pair of horns on your head.


Message History

You hit Natasha.
Natasha is moderately wounded.
You block Natasha's attack.
The gnoll hits you from afar with a +0 halberd.
* * * LOW HITPOINT WARNING * * *
You hit Natasha but do no damage.
Natasha is moderately wounded.
Natasha claws you but does no damage. You block the gnoll's attack.
You closely miss Natasha.
Natasha is moderately wounded.
Natasha stares at you and mumbles some strange words.
You feel yourself slow down.
The gnoll hits you from afar with a +0 halberd.
* * * LOW HITPOINT WARNING * * *
You closely miss Natasha.
Natasha is moderately wounded.
The white imp disappears in a puff of smoke!
Natasha closely misses you.
The gnoll hits you from afar with a +0 halberd!
You die...

####.........#
#...<........#
##............# #
".....§.......#####.#
............s.##...
............5g##.###
............gg)g§..#
............#5##h#.#
#...........#.##@#.###
..............##.....#
...................#.#
........######
......... ....... .. .


You could see Natasha and a gnoll.

Vanquished Creatures
  Robin (D:2)
  3 adders (D:2)
  An ooze (D:2)
  A worm (D:2)
  3 dart slugs
  3 ball pythons
  2 bats (D:1)
  3 giant cockroaches
  9 hobgoblins
  A quokka (D:2)
  7 frilled lizards
  11 goblins
  9 kobolds
  9 rats
63 creatures vanquished.

Notes
Turn   | Place    | Note
-------+----------+-------------------------------------------
     0 | D:1      | Marlight the Minotaur Fighter began the quest for the Orb.
     0 | D:1      | Reached XP level 1. HP: 19/19 MP: 0/0
   151 | D:1      | Reached XP level 2. HP: 24/27 MP: 1/1
   990 | D:2      | Reached XP level 3. HP: 23/33 MP: 2/2
  1024 | D:2      | Noticed Robin
  1043 | D:2      | Killed Robin
  1234 | D:2      | Reached XP level 4. HP: 32/41 MP: 3/3
  1458 | D:2      | Reached skill level 1 in Dodging
  1918 | D:3      | Noticed Natasha
  1960 | D:3      | Mangled by a gnoll

Vault maps used:
D:1:      eino_arrival_tree_alley
D:2:      uniq_robin
D:3:      old_standard_altar, gammafunk_ghost_cemetery, first_ration,
          uniq_natasha

Skill      XL: |  1  2  3  4 |
---------------+-------------+-----
Shields        | 4 |  4.5
Fighting       | 4 |  4.7
Armour         | 4 |  4.1
Long Blades    | 3 |  3.4
Dodging        | 1 |  1.0
Stealth        | |  0.2

Action                   |  1- 3 |  4- 6 || total
-------------------------+-------+-------++-------
Melee: Long sword        |   105 |    58 ||   163
       Headbutt          |    12 |     9 ||    21
  Use: Scroll            |     3 |     1 ||     4
       Potion            |     3 |     4 ||     7
  Eat: Ration            |     1 |       ||     1
Armor: Scale mail        |    53 |    35 ||    88
Dodge: Dodged            |    23 |    26 ||    49
Block: Shield            |    53 |    55 ||   108
       Rpst.: Long sword |     7 |     3 ||    10

Table legend:
 A = Non-vault XP
 B = Vault XP
 C = Vault XP percentage of total XP
 D = Non-vault monster count
 E = Vault monster count
 F = Vault count percentage of total count
                 A         B        C        D         E       F
            +---------+---------+-------+---------+---------+-------
      Total |     134 |      29 |  17.8 |      55 |       8 |  12.7
            +---------+---------+-------+---------+---------+-------
        D:1 |      33 |       0 |   0.0 |      21 |       0 |   0.0
        D:2 |      98 |      29 |  22.8 |      32 |       8 |  20.0
        D:3 |       3 |       0 |   0.0 |       2 |       0 |   0.0
            +---------+---------+-------+---------+---------+-------
